MID
LANSING LUGNUTS @ BOWLING GREEN HOT RODS
08/27/2099
 
TOP OF THE 1ST
Lansing Lugnuts batting - Pitching for Bowling Green Hot Rods : RHP Willie Portugal
Pitching: RHP Willie Portugal
Batting: LHB Hugh McPhearson 0-0: Foul Ball, location: 2LF
0-1: Ball
1-1: Ground out 4-3 (Groundball, 4, EV 84.4 MPH)
Batting: SHB Miguel Dominguez 0-0: Called Strike
0-1: Ball
1-1: Foul Ball, location: 2F
1-2: Strikes out swinging
Batting: LHB Jon Kuduk 0-0: Ball
1-0: Ball
2-0: Called Strike
2-1: Ball
3-1: Base on Balls
Batting: LHB Alex Rangel 0-0: Called Strike
0-1: Foul Ball, location: 5DF
0-2: Ball
1-2: Strikes out swinging
Top of the 1st over - 0 runs, 0 hits, 0 errors, 1 left on base; Lansing 0 - Bowling Green 0
BOTTOM OF THE 1ST
Bowling Green Hot Rods batting - Pitching for Lansing Lugnuts : RHP Jon Jackson
Pitching: RHP Jon Jackson
Batting: LHB Sean Borel 0-0: Ball
1-0: Swinging Strike
1-1: Foul Ball, location: 7LMF
1-2: Foul Ball, location: 9LMF
1-2: Strikes out swinging
Batting: RHB Denzel Gordon 0-0: Ball
1-0: SOLO HOME RUN (Flyball, 7LD, EV 93.8 MPH), Distance : 347 ft
Batting: RHB Josh Melchior 0-0: Ball
1-0: Ball
2-0: Fly out, F8 (Line Drive, 8RD, EV 85.6 MPH)
Batting: LHB Bryan Souder 0-0: Ball
1-0: Swinging Strike
1-1: Swinging Strike
1-2: Foul Ball, location: 3F
1-2: Strikes out swinging
Bottom of the 1st over - 1 run, 1 hit, 0 errors, 0 left on base; Lansing 0 - Bowling Green 1
TOP OF THE 2ND
Lansing Lugnuts batting - Pitching for Bowling Green Hot Rods : RHP Willie Portugal
Batting: LHB Danny Crane 0-0: Ball
1-0: Ball
2-0: Fly out, F8 (Line Drive, 89M, EV 90.6 MPH)
Batting: RHB Angel Contreras 0-0: Ball
1-0: Foul Ball, location: 2F
1-1: Foul Ball, location: 25F
1-2: Ball
2-2: Foul Ball, location: 5F
2-2: Ball
3-2: Foul Ball, location: 2F
3-2: Fly out, F6 (Popup, 6MS, EV 79.4 MPH)
Batting: RHB Travis St. Pierre 0-0: Ball
1-0: Fly out, F8 (Flyball, 8RD, EV 93.1 MPH)
Top of the 2nd over - 0 runs, 0 hits, 0 errors, 0 left on base; Lansing 0 - Bowling Green 1
BOTTOM OF THE 2ND
Bowling Green Hot Rods batting - Pitching for Lansing Lugnuts : RHP Jon Jackson
Batting: RHB Jim Leonhard 0-0: Called Strike
0-1: Ball
1-1: Ball
2-1: Foul Ball, location: 3FF
2-2: Strikes out swinging
Batting: RHB Zach Frederick 0-0: Foul Ball, location: 5SF
0-1: Swinging Strike
0-2: Strikes out swinging
Batting: LHB Chris Volk 0-0: Called Strike
0-1: Ball
1-1: Ground out 3-1 (Groundball, 34, EV 88.8 MPH)
Bottom of the 2nd over - 0 runs, 0 hits, 0 errors, 0 left on base; Lansing 0 - Bowling Green 1
TOP OF THE 3RD
Lansing Lugnuts batting - Pitching for Bowling Green Hot Rods : RHP Willie Portugal
Batting: LHB Danny Valenzuelo 0-0: Called Strike
0-1: Foul Ball, location: 2F
0-2: Strikes out swinging
Batting: LHB Will Houle 0-0: SINGLE (Groundball, 34D, EV 105.6 MPH)
Batting: LHB Hugh McPhearson 0-0: Ball
1-0: DOUBLE (Line Drive, 78XD, EV 104.4 MPH)
Will Houle to third
Runner from 3rd tries for Home, SAFE, no throw by CF
Batting: SHB Miguel Dominguez 0-0: Called Strike
0-1: Called Strike
0-2: Ball
1-2: Ground out 5-3 (Groundball, 56, EV 82.5 MPH)
Batting: LHB Jon Kuduk 0-0: Called Strike
0-1: Ball
1-1: Called Strike
1-2: Foul Ball, location: 2F
1-2: Ball
2-2: Foul Ball, location: 2F
2-2: Fly out, F7 (Flyball, 7, EV 92.5 MPH)
Top of the 3rd over - 1 run, 2 hits, 0 errors, 1 left on base; Lansing 1 - Bowling Green 1
BOTTOM OF THE 3RD
Bowling Green Hot Rods batting - Pitching for Lansing Lugnuts : RHP Jon Jackson
Batting: RHB Pat Speaks 0-0: Called Strike
0-1: Called Strike
0-2: Strikes out swinging
Batting: RHB Ruben Figueroa 0-0: Called Strike
0-1: Foul Ball, location: 25F
0-2: Strikes out swinging
Batting: LHB Sean Borel 0-0: Swinging Strike
0-1: Called Strike
0-2: Ball
1-2: Strikes out swinging
Bottom of the 3rd over - 0 runs, 0 hits, 0 errors, 0 left on base; Lansing 1 - Bowling Green 1
TOP OF THE 4TH
Lansing Lugnuts batting - Pitching for Bowling Green Hot Rods : RHP Willie Portugal
Batting: LHB Alex Rangel 0-0: Ball
1-0: Ball
2-0: Foul Ball, location: 2F
2-1: Ball
3-1: Foul Ball, location: 2F
3-2: Foul Ball, location: 5FF
3-2: Strikes out swinging, 2-3 out at first.
Batting: LHB Danny Crane 0-0: Ball
1-0: Called Strike
1-1: Ground out 6-3 (Groundball, 6, EV 110.0 MPH)
Batting: RHB Angel Contreras 0-0: Called Strike
0-1: Fly out, F7 (Flyball, 7LDF, EV 103.8 MPH)
Top of the 4th over - 0 runs, 0 hits, 0 errors, 0 left on base; Lansing 1 - Bowling Green 1
BOTTOM OF THE 4TH
Bowling Green Hot Rods batting - Pitching for Lansing Lugnuts : RHP Jon Jackson
Batting: RHB Denzel Gordon 0-0: Ball
1-0: Foul Ball, location: 2F
1-1: Swinging Strike
1-2: Foul Ball, location: 9LSF
1-2: Ground out 5-3 (Groundball, 56S, EV 70.6 MPH)
Batting: RHB Josh Melchior 0-0: Called Strike
0-1: Ball
1-1: Ground out 6-3 (Groundball, 56D, EV 93.8 MPH)
Batting: LHB Bryan Souder 0-0: Ball
1-0: Foul Ball, location: 2F
1-1: Ball
2-1: DOUBLE (Line Drive, 9LD, EV 107.5 MPH)
Batting: RHB Jim Leonhard 0-0: Called Strike
0-1: Ball
1-1: Called Strike
1-2: Strikes out swinging
Bottom of the 4th over - 0 runs, 1 hit, 0 errors, 1 left on base; Lansing 1 - Bowling Green 1
TOP OF THE 5TH
Lansing Lugnuts batting - Pitching for Bowling Green Hot Rods : RHP Willie Portugal
Batting: RHB Travis St. Pierre 0-0: Ground out 4-3 (Groundball, 4, EV 78.8 MPH)
Batting: LHB Danny Valenzuelo 0-0: Called Strike
0-1: Ball
1-1: Foul Ball, location: 5FF
1-2: Ground out 6-3 (Groundball, 6M, EV 75.6 MPH)
Batting: LHB Will Houle 0-0: Ball
1-0: Ball
2-0: Called Strike
2-1: Ball
3-1: DOUBLE (Line Drive, 89M, EV 111.3 MPH)
Batting: LHB Hugh McPhearson 0-0: Foul Ball, location: 2RF
0-1: Ball
1-1: Called Strike
1-2: Fly out, F7 (Flyball, 78S, EV 85.6 MPH)
Top of the 5th over - 0 runs, 1 hit, 0 errors, 1 left on base; Lansing 1 - Bowling Green 1
BOTTOM OF THE 5TH
Bowling Green Hot Rods batting - Pitching for Lansing Lugnuts : RHP Jon Jackson
Batting: RHB Zach Frederick 0-0: Called Strike
0-1: Called Strike
0-2: Foul Ball, location: 3F
0-2: Ball
1-2: Strikes out looking
Batting: LHB Chris Volk 0-0: Swinging Strike
0-1: Called Strike
0-2: Ball
1-2: Strikes out swinging
Batting: RHB Pat Speaks 0-0: Ball
1-0: Ball
2-0: Ball
3-0: Called Strike
3-1: Fly out, F7 (Flyball, 7S, EV 85.6 MPH)
Bottom of the 5th over - 0 runs, 0 hits, 0 errors, 0 left on base; Lansing 1 - Bowling Green 1
TOP OF THE 6TH
Lansing Lugnuts batting - Pitching for Bowling Green Hot Rods : RHP Willie Portugal
Batting: SHB Miguel Dominguez 0-0: Called Strike
0-1: Swinging Strike
0-2: Ball
1-2: Ball
2-2: SINGLE (Groundball, 34D, EV 101.9 MPH)
Batting: LHB Jon Kuduk 0-0: Ball
1-0: SINGLE (Groundball, 2R, EV 65.0 MPH) (infield hit)
Miguel Dominguez to second
Batting: LHB Alex Rangel 0-0: Foul Ball, location: 7LSF
0-1: Swinging Strike
0-2: Grounds into double play, 4-6-3 (Groundball, 4, EV 81.9 MPH)
Miguel Dominguez to third
Batting: LHB Danny Crane 0-0: Ball
1-0: Ball
2-0: Ball
3-0: Called Strike
3-1: Base on Balls
Batting: RHB Angel Contreras 0-0: Fly out, F8 (Flyball, 78M, EV 89.4 MPH)
Top of the 6th over - 0 runs, 2 hits, 0 errors, 2 left on base; Lansing 1 - Bowling Green 1
BOTTOM OF THE 6TH
Bowling Green Hot Rods batting - Pitching for Lansing Lugnuts : RHP Jon Jackson
Batting: RHB Ruben Figueroa 0-0: Called Strike
0-1: Ball
1-1: Foul Ball, location: 2F
1-2: Strikes out swinging
Batting: LHB Sean Borel 0-0: Called Strike
0-1: Swinging Strike
0-2: Ball
1-2: Ball
2-2: Strikes out looking
Batting: RHB Denzel Gordon 0-0: Foul Ball, location: 25F
0-1: Foul Ball, location: 9LMF
0-2: Ball
1-2: Ball
2-2: Ball
3-2: Foul Ball, location: 23FF
3-2: SINGLE (Line Drive, 8RS, EV 102.5 MPH)
Batting: RHB Josh Melchior 0-0: Swinging Strike
0-1: Ball
1-1: Called Strike
1-2: DOUBLE (Flyball, 89D, EV 108.1 MPH)
Denzel Gordon to third
Batting: LHB Bryan Souder 0-0: Intentional Walk
Batting: RHB Jim Leonhard 0-0: Foul Ball, location: 2F
0-1: Called Strike
0-2: Ball
1-2: Strikes out swinging
Bottom of the 6th over - 0 runs, 2 hits, 0 errors, 3 left on base; Lansing 1 - Bowling Green 1
TOP OF THE 7TH
Lansing Lugnuts batting - Pitching for Bowling Green Hot Rods : RHP Willie Portugal
Batting: RHB Travis St. Pierre 0-0: Ball
1-0: Foul Ball, location: 5F
1-1: Ball
2-1: Foul Ball, location: 9LDF
2-2: Foul Ball, location: 5F
2-2: Ground out 6-3 (Groundball, 6, EV 102.5 MPH)
Batting: LHB Danny Valenzuelo 0-0: Foul Ball, location: 2F
0-1: Ball
1-1: Ball
2-1: Ground out 3-1 (Groundball, 34, EV 96.9 MPH)
Batting: LHB Will Houle 0-0: Ball
1-0: Ball
2-0: Ball
3-0: Called Strike
3-1: SINGLE (Line Drive, 7S, EV 99.4 MPH)
Batting: LHB Hugh McPhearson 0-0: Ball
1-0: Ball
2-0: Foul Ball, location: 9LMF
2-1: Ball
3-1: Ground out U3 (Groundball, 3L, EV 100.6 MPH)
Top of the 7th over - 0 runs, 1 hit, 0 errors, 1 left on base; Lansing 1 - Bowling Green 1
BOTTOM OF THE 7TH
Bowling Green Hot Rods batting - Pitching for Lansing Lugnuts : RHP Jon Jackson
Pitching: RHP Jon Wainio
Batting: RHB Zach Frederick 0-0: Called Strike
0-1: Ball
1-1: DOUBLE (Flyball, 78D, EV 90.0 MPH)
Batting: LHB Chris Volk 0-0: Intentional Walk
Batting: RHB Pat Speaks 0-0: Called Strike
0-1: Called Strike
0-2: Foul Ball, location: 2F
0-2: Ball
1-2: Strikes out swinging
Batting: RHB Ruben Figueroa 0-0: Ball
1-0: Ball
2-0: Swinging Strike
2-1: Foul Ball, location: 2F
2-2: Ball
3-2: Strikes out swinging
Batting: LHB Sean Borel 0-0: Ball
1-0: Called Strike
1-1: Fly out, F4 (Line Drive, 4MD, EV 75.6 MPH)
Bottom of the 7th over - 0 runs, 1 hit, 0 errors, 2 left on base; Lansing 1 - Bowling Green 1
TOP OF THE 8TH
Lansing Lugnuts batting - Pitching for Bowling Green Hot Rods : RHP Willie Portugal
Batting: SHB Miguel Dominguez 0-0: Ball
1-0: Called Strike
1-1: Called Strike
1-2: Ball
2-2: Ball
3-2: Strikes out looking
Batting: LHB Jon Kuduk 0-0: Foul Ball, location: 25F
0-1: Ball
1-1: SINGLE (Groundball, 34D, EV 100.6 MPH)
Pitching: RHP Dave Dugles
Batting: LHB Alex Rangel 0-0: Called Strike
0-1: Swinging Strike
0-2: Foul Ball, location: 25F
0-2: Strikes out swinging
Batting: LHB Danny Crane 0-0: Fielders Choice at 2nd, 5-4 (Groundball, 56, EV 81.9 MPH)
Top of the 8th over - 0 runs, 1 hit, 0 errors, 1 left on base; Lansing 1 - Bowling Green 1
BOTTOM OF THE 8TH
Bowling Green Hot Rods batting - Pitching for Lansing Lugnuts : RHP Jon Wainio
Pitching: RHP Justin Forsythe
Pinch Hitting: SHB Andy Jones 0-0: Ball
1-0: Ball
2-0: Called Strike
2-1: Called Strike
2-2: Ball
3-2: Strikes out swinging
Batting: RHB Josh Melchior 0-0: Ball
1-0: Fly out, F9 (Flyball, 9LSF, EV 91.9 MPH)
Batting: LHB Bryan Souder 0-0: Foul Ball, location: 2F
0-1: SINGLE (Flyball, 3D, EV 99.4 MPH)
Batting: LHB Rod Rood 0-0: Ball
1-0: Ball
2-0: Called Strike
2-1: Swinging Strike
2-2: Ground out 4-3 (Groundball, 34S, EV 87.5 MPH)
Bottom of the 8th over - 0 runs, 1 hit, 0 errors, 1 left on base; Lansing 1 - Bowling Green 1
TOP OF THE 9TH
Lansing Lugnuts batting - Pitching for Bowling Green Hot Rods : RHP Dave Dugles
Now at SS: Ryan Hildebrand
Batting: RHB Angel Contreras 0-0: Ball
1-0: Called Strike
1-1: Foul Ball, location: 9LMF
1-2: Fly out, F8 (Flyball, 8LM, EV 78.1 MPH)
Batting: RHB Travis St. Pierre 0-0: Called Strike
0-1: Ball
1-1: Ball
2-1: Foul Ball, location: 2F
2-2: Strikes out swinging
Batting: LHB Danny Valenzuelo 0-0: Foul Ball, location: 9LMF
0-1: Swinging Strike
0-2: Foul Ball, location: 9LSF
0-2: Ball
1-2: Ball
2-2: Ball
3-2: DOUBLE (Line Drive, 78D, EV 103.8 MPH)
Batting: LHB Will Houle 0-0: Ball
1-0: Called Strike
1-1: Foul Ball, location: 3FF
1-2: Ground out 6-3 (Groundball, 6, EV 88.1 MPH)
Top of the 9th over - 0 runs, 1 hit, 0 errors, 1 left on base; Lansing 1 - Bowling Green 1
BOTTOM OF THE 9TH
Bowling Green Hot Rods batting - Pitching for Lansing Lugnuts : RHP Justin Forsythe
Batting: RHB Zach Frederick 0-0: SINGLE (Line Drive, 3D, EV 106.3 MPH)
Batting: LHB Chris Volk Pickoff Throw to First - Out! 1-3
0-0: Swinging Strike
0-1: Called Strike
0-2: Ball
1-2: Fly out, F7 (Flyball, 78S, EV 91.3 MPH)
Batting: RHB Pat Speaks 0-0: Called Strike
0-1: Called Strike
0-2: Ball
1-2: Strikes out swinging
Bottom of the 9th over - 0 runs, 1 hit, 0 errors, 0 left on base; Lansing 1 - Bowling Green 1
TOP OF THE 10TH
Lansing Lugnuts batting - Pitching for Bowling Green Hot Rods : RHP Dave Dugles
Will Houle starts the inning at 2nd base.
Batting: LHB Hugh McPhearson 0-0: Intentional Walk
Batting: SHB Miguel Dominguez 0-0: Ball
1-0: Bunted foul
1-1: Bunt missed!
1-2: Ball
2-2: Foul Ball, location: 7LSF
2-2: Ground out U3 (Groundball, 34S, EV 88.8 MPH)
Will Houle to third
Hugh McPhearson to second
Batting: LHB Jon Kuduk 0-0: Called Strike
0-1: Ball
1-1: Swinging Strike
1-2: Fly out, F8 (Flyball, 8LM, EV 84.4 MPH)
Runner from 3rd tags up, SCORES, throw by CF
Hugh McPhearson to third
Batting: LHB Alex Rangel 0-0: Ball
1-0: Ball
2-0: Called Strike
2-1: Swinging Strike
2-2: Ball
3-2: SINGLE (Groundball, 4MD, EV 107.5 MPH)
Hugh McPhearson scores
Batting: LHB Danny Crane 0-0: Foul Ball, location: 7LSF
0-1: Ball
1-1: Ball
2-1: Foul Ball, location: 5F
2-2: Foul Ball, location: 2F
2-2: Strikes out looking
Top of the 10th over - 2 runs, 1 hit, 0 errors, 1 left on base; Lansing 3 - Bowling Green 1
BOTTOM OF THE 10TH
Bowling Green Hot Rods batting - Pitching for Lansing Lugnuts : RHP Justin Forsythe
Pat Speaks starts the inning at 2nd base.
Now at 1B: Dave Bautista
Pinch Hitting: RHB Gabriel Kenny 0-0: Ball
1-0: Foul Ball, location: 5F
1-1: Ball
2-1: Ball
3-1: Foul Ball, location: 5FF
3-2: Strikes out swinging
Pitching: RHP Carlos Silverio
Batting: LHB Sean Borel 0-0: Ball
1-0: Swinging Strike
1-1: Ball
2-1: Ground out 4-3 (Groundball, 4, EV 88.8 MPH)
Pat Speaks to third
Batting: RHB Ryan Hildebrand 0-0: Ball
1-0: Fly out, F8 (Flyball, 8RM, EV 83.1 MPH)
Bottom of the 10th over - 0 runs, 0 hits, 0 errors, 1 left on base; Lansing 3 - Bowling Green 1
Thursday, May 16th , 2024 - OOTP Baseball 24.11 Build 85